 Dungeon Crawl Stone Soup version 0.27.0-1-g7a089689b8 (webtiles) character file.

Game seed: 3052798990662044345

51 MisterFreud the Cudgeller (level 3, 0/23 HPs)
             Began as a Gargoyle Fighter on July 31, 2021.
             Killed from afar by Natasha (8 damage)
             ... with a magic dart
             ... on level 2 of the Dungeon.
             The game lasted 00:01:58 (1693 turns).

MisterFreud the Cudgeller (Gargoyle Fighter)        Turns: 1693, Time: 00:01:58

Health: 0/23       AC: 10    Str: 20    XL:     3   Next: 83%
Magic:  3/3        EV:  7    Int:  8    God:
Gold:   58         SH:  9    Dex:  9    Spells: 2/2 levels left

rFire    . . .     SeeInvis .   a - +0 flail
rCold    . . .     Faith    .   c - +0 kite shield
rNeg     + . .     Spirit   .   b - +0 scale mail
rPois    ∞         Reflect  .   (no helmet)
rElec    +         Harm     .   (no cloak)
rCorr    .         Rampage  .   (no gloves)
Will     .....                  (no boots)
Stlth    ..........             (no amulet)
HPRegen  0.07/turn              (no ring)
MPRegen  0.08/turn              (no ring)

@: no status effects
A: sickness immunity, AC +3, negative energy resistance 1, electricity
resistance, torment resistance 1, petrification resistance
a: no special abilities


You were on level 2 of the Dungeon.
You visited 1 branch of the dungeon, and saw 2 of its levels.

You collected 58 gold pieces.

Inventory:

Hand Weapons
 a - a +0 flail (weapon)
Armour
 b - a +0 scale mail (worn)
 c - a +0 kite shield (worn)
Scrolls
 h - 2 scrolls of immolation {unknown}
 j - a scroll of amnesia {unknown}
 l - a scroll of identify {unknown}
Potions
 d - a potion of might
 e - a potion of invisibility {unknown}
 f - a potion of cancellation {unknown}
 g - a potion of attraction {unknown}
 i - a potion of curing {unknown}
 k - a potion of brilliance {unknown}
 m - 2 potions of haste {unknown}


   Skills:
 - Level 3.2 Fighting
 + Level 4.0 Maces & Flails
 - Level 3.2 Armour
 - Level 3.2 Shields


You had 2 spell levels left.
You didn't know any spells.
Your spell library was empty.

Dungeon Overview and Level Annotations

Branches:
Dungeon (2/15)

Altars:

Annotations:
D:2 Natasha


Innate Abilities, Weirdness & Mutations

You are immune to sickness and miasma.
Your stone body is resilient. (AC +3)
You are immune to poison.
You resist negative energy. (rN+)
You are resistant to electric shocks. (rElec)
You are resistant to unholy torment.
You are immune to petrification.


Message History

You hit the hobgoblin.
You kill the hobgoblin!
You hit Natasha.
Natasha is moderately wounded.
A bat comes into view.
Natasha wildly gestures.
Natasha's front paws start to glow.
You block Natasha's attack. Natasha claws you but does no damage.
The bat moves out of view.
You hit Natasha but do no damage.
Natasha is moderately wounded.
You block Natasha's attack.
You hit Natasha but do no damage.
Natasha is moderately wounded.
Natasha barely misses you.
Natasha howls an incantation.
You feel disoriented. You block Natasha's attack.
You barely miss Natasha.
Natasha is moderately wounded.
The bat hits you but does no damage. You block Natasha's attack.
The bat closely misses you.
You hit Natasha but do no damage.
Natasha is moderately wounded.
The bat hits you but does no damage. x2; Natasha claws you.
The bat hits you but does no damage.
You hit Natasha.
Natasha is heavily wounded.
The bat hits you but does no damage. You block the bat's attack.
Natasha claws you! The bat hits you but does no damage. Natasha claws you.
You closely miss Natasha.
Natasha is heavily wounded.
The bat hits you but does no damage. You block the bat's attack.
The bat hits you but does no damage. Natasha barely misses you.
You completely miss Natasha.
Natasha is moderately wounded.
The bat hits you but does no damage. You block Natasha's attack.
Natasha casts a spell at you. The magic dart hits you!
You die...

##.## ##...#
#######.###.....
...... ......... #.
..... #.###..... #.
...# #. ##...# #.
...##.#.# ##.##
##.###h..##.#.# #.#
..###...b@.#.##.#.##
#.#
.........###.#....##
#.# ###..#.##
#......###.# #...##
##.........# #..#.##
##......#####
#.....###......##
#.#.###.#.####.##
..###.....## #.# ...
#.###### #.#


You could see Natasha and a bat.

Vanquished Creatures
  A gnoll (D:1)
  A worm (D:2)
  3 dart slugs
  6 endoplasms
  A giant cockroach (D:1)
  A goblin (D:1)
  4 hobgoblins
  2 jackals (D:1)
  3 kobolds (D:1)
  A ball python (D:1)
  3 bats
  2 frilled lizards (D:1)
  2 rats (D:1)
30 creatures vanquished.

Notes
Turn   | Place    | Note
-------+----------+-------------------------------------------
     0 | D:1      | MisterFreud the Gargoyle Fighter began the quest for the
                  | Orb.
     0 | D:1      | Reached XP level 1. HP: 14/14 MP: 1/1
    81 | D:1      | Reached XP level 2. HP: 19/19 MP: 2/2
   191 | D:1      | Reached skill level 3 in Maces & Flails
   325 | D:1      | Reached XP level 3. HP: 7/23 MP: 3/3
  1167 | D:1      | Found a faded altar of an unknown god.
  1218 | D:1      | You fall into a shaft and drop 1 floor!
  1570 | D:1      | Reached skill level 4 in Maces & Flails
  1684 | D:2      | Noticed Natasha
  1693 | D:2      | Killed from afar by Natasha

Illustrated notes

Levels and vault maps discovered:
D:1:      dpeg_arrival_radiant, layout_basic, ebering_ecumenical_altar_ruins,
          minmay_heptomino_l4
D:2:      layout_loops_ring, uniq_robin, uniq_natasha

Skill      XL: |  1  2  3 |
---------------+----------+-----
Maces & Flails | 3 4 |  4.0
Fighting       | |  3.2
Armour         | |  3.2
Shields        | |  3.2

Action                   || total
-------------------------++-------
Melee: Flail             ||   110
Armor: Scale mail        ||    53
Dodge: Dodged            ||    41
Block: Kite shield       ||    60
